 Dungeon Crawl Stone Soup version 0.29-a0-409-gd843f3a48c (webtiles) character file.

Game seed: 17203004114373410151

515 Bruhh the Magician (level 7, -12/45 HPs)
             Began as a Djinni Ice Elementalist on May 13, 2022.
             Mangled by a gnoll sergeant
             ... wielding a +0 spear of distortion
              (18 damage)
             ... on level 7 of the Dungeon.
             The game lasted 00:05:41 (5150 turns).

Bruhh the Magician (Djinni Ice Elementalist)        Turns: 5150, Time: 00:05:50

Health: -12/45     AC:  9    Str:  7    XL:     7   Next: 44%
Gold:   225        EV: 11    Int: 19    God:
                   SH:  0    Dex: 13

rFire   + + .      SeeInvis .   n - +4 club (spect)
rCold   x . .      Faith    .   (no shield)
rNeg    . . .      Spirit   .   m - +0 leather armour
rPois   ∞          Reflect  .   (no helmet)
rElec   .          Harm     .   o - +0 cloak
rCorr   .          Rampage  .   (no gloves)
Will    .....                   (boots unavailable)
Stlth   ++........              (no amulet)
HPRegen 0.15/turn               (no ring)
MPRegen 0.00/turn               (no ring)

@: ice-armoured, freezing walls, flying
A: sickness immunity, fire resistance 2, cold vulnerability 1, float, innate
caster, HP casting, extra vitality 1
a: no special abilities


You were on level 7 of the Dungeon.
You visited 1 branch of the dungeon, and saw 5 of its levels.

You collected 225 gold pieces.

Inventory:

Hand Weapons
 n - a +4 spectral club (weapon)
Armour
 a - a +0 robe
 m - a +0 leather armour (worn)
 o - a +0 cloak (worn)
Wands
 l - a wand of paralysis (7)
Scrolls
 d - a scroll of identify {unknown}
 e - 2 scrolls of teleportation {unknown}
 g - a scroll of vulnerability {unknown}
 h - a scroll of torment {unknown}
 k - a scroll of immolation {unknown}
Potions
 b - a potion of berserk rage {unknown}
 c - a potion of cancellation {unknown}
 f - 2 potions of mutation {unknown}
 i - 2 potions of curing {unknown}
 j - a potion of might {unknown}


   Skills:
 - Level 2.1 Dodging
 - Level 1.5 Stealth
 + Level 6.6 Spellcasting


You had 2 spell levels left.
You knew the following spells:

 Your Spells              Type           Power      Damage    Failure   Level
a - Freeze                Ice            100%       1d11      1%          1
b - Frozen Ramparts       Ice            62%        1d8       3%          3
c - Ozocubu's Armour      Ice            31%        N/A       3%          3
d - Hailstorm             Conj/Ice       31%        3d8       11%         4
e - Magic Dart            Conj           100%       1d8       1%          1
f - Call Imp              Summ           31%        N/A       1%          2
g - Swiftness             Air            31%        N/A       3%          3
Your spell library was empty.

Dungeon Overview and Level Annotations

Branches:
Dungeon (4/15)
 Temple: D:4-7

Altars:


Innate Abilities, Weirdness & Mutations

You are immune to sickness and miasma.
You are immune to poison.
Your flesh is very heat resistant. (rF++)
You are vulnerable to cold. (rC-)
You float through the air rather than walking.
You learn spells naturally, not from books.
Your magical power is your life essence.
You have superior vitality. (+4 MHP)


Message History

A gnoll is nearby!
A gnoll sergeant comes into view.
It is wielding a +0 spear of distortion.
A gnoll comes into view. It is wielding a +0 flail.
The gnoll sergeant moves out of view.
Casting: Freeze (safe; 1% risk of failure)
Confirm with . or Enter, or press ? or * to list all spells.
Okay, then.
A gnoll comes into view. It is wielding a +0 club.
The gnoll shouts!
You hear a shout!
The gnoll hits you from afar with a +0 spear.
Casting: Freeze (safe; 1% risk of failure)
Confirm with . or Enter, or press ? or * to list all spells.
Casting: Frozen Ramparts (dangerous; 3% risk of failure)
Press: ? - help, Dir - look around, f - activate The walls around you are covered in ice.
The wall freezes the gnoll.
The gnoll barely misses you.
Unknown command.
Casting: Frozen Ramparts (dangerous; 3% risk of failure)
Confirm with . or Enter, or press ? or * to list all spells.
A film of ice covers your body!
The wall freezes the gnoll.
The gnoll hits you from afar with a +0 spear.
Unknown command.
The wall freezes the gnoll!
The gnoll throws a throwing net.
The throwing net barely misses you.
The wall freezes the gnoll.
You kill the gnoll!
The wall freezes the gnoll.
The wall freezes the gnoll. x2; The gnoll hits you but does no damage.
The wall freezes the gnoll sergeant.
The gnoll sergeant hits you from afar with a +0 spear of distortion.
Space warps horribly around you!!
Ouch! That really hurt!
* * * LOW HITPOINT WARNING * * *
The wall freezes the gnoll.
The gnoll closely misses you.
The wall freezes the gnoll.
The gnoll closely misses you.
The wall freezes the gnoll sergeant!
The gnoll sergeant hits you from afar with a +0 spear of distortion.
* * * LOW HITPOINT WARNING * * *
Space warps horribly around you!!
You die...

..........#.....
##.........#
#.........# ##
.......#..###!#
#...#.###.##..
..# ## ##.### .
###..(#
##g#..###
#.g@..##y.
.....g###.# #.y.
..... #..# ###y
.... #...# ...
#.#... ..
##..... . ......
. ....


You could see a gnoll sergeant and 2 gnolls.

Vanquished Creatures
  A water moccasin (D:3)
  An ogre (D:4)
  An orc priest (D:3)
  A hound (D:3)
  Ijyb (D:3)
  An orc wizard (D:3)
  Natasha (thrice) (D:2)
  A gnoll (D:7)
  3 adders
  A worm (D:3)
  2 dart slugs
  9 orcs (D:3)
  8 ball pythons
  10 bats
  3 endoplasms (D:1)
  3 giant cockroaches
  8 hobgoblins
  9 jackals
  2 quokkas
  3 frilled lizards
  5 goblins
  5 kobolds
  5 rats
86 creatures vanquished.

Notes
Turn   | Place    | Note
-------+----------+-------------------------------------------
     0 | D:1      | Bruhh the Djinni Ice Elementalist began the quest for the
                  | Orb.
     0 | D:1      | Reached XP level 1. HP: 15/15 MP: 0/0
   278 | D:1      | Reached XP level 2. HP: 20/21 MP: 0/0
   750 | D:1      | Reached XP level 3. HP: 17/25 MP: 0/0
   750 | D:1      | Learned a level 1 spell: Magic Dart
   792 | D:1      | Reached skill level 4 in Spellcasting
  1609 | D:2      | Found a faded altar of an unknown god.
  1652 | D:2      | Reached XP level 4. HP: 12/31 MP: 0/0
  2224 | D:2      | Noticed Natasha
  2231 | D:2      | Killed Natasha
  2487 | D:2      | Noticed Natasha
  2493 | D:2      | Killed Natasha
  2494 | D:2      | Reached XP level 5. HP: 24/35 MP: 0/0
  2494 | D:2      | Learned a level 2 spell: Call Imp
  2704 | D:2      | Noticed Natasha
  2708 | D:2      | Killed Natasha
  2709 | D:2      | Reached skill level 5 in Spellcasting
  3507 | D:3      | Reached XP level 6. HP: 12/40 MP: 0/0
  3800 | D:3      | Noticed a water moccasin
  3810 | D:3      | Killed a water moccasin
  3887 | D:3      | Reached skill level 6 in Spellcasting
  4128 | D:3      | Noticed Ijyb
  4133 | D:3      | Paralysed by Ijyb for 4 turns
  4135 | D:3      | Killed Ijyb
  4136 | D:3      | Reached XP level 7. HP: 41/45 MP: 0/0
  4136 | D:3      | Learned a level 3 spell: Swiftness
  5134 | D:4      | You are sucked into a shaft and drop 3 floors!
  5139 | D:7      | Noticed a hornet
  5150 | D:7      | Mangled by a gnoll sergeant

Illustrated notes

Levels and vault maps discovered:
D:1:      denvon_arrival_planthouse, layout_rooms, st_stairs_5
D:2:      layout_basic, chequers_ecumenical_altar_grove, lemuel_flame_loot_1,
          uniq_natasha
D:3:      layout_loops_ring, uniq_ijyb
D:4:      layout_loops_ring, nicolae_ru_path_of_blood
D:7:      layout_cave_pools, minmay_temple_entry_glassed_door,
          gammafunk_ghost_hive, uniq_maggie

Skill      XL: |  1  2  3  4  5  6 |
---------------+-------------------+-----
Spellcasting   | 4 5 6 |  6.6
Dodging        | |  2.1
Stealth        | |  1.5

Action                   |  1- 3 |  4- 6 |  7- 9 || total
-------------------------+-------+-------+-------++-------
Melee: Unarmed           |    16 |    17 |       ||    33
       Club              |       |       |    16 ||    16
 Cast: Freeze            |    37 |    49 |    10 ||    96
       Frozen Ramparts   |     2 |     5 |     3 ||    10
       Ozocubu's Armour  |     1 |     1 |     2 ||     4
 Stab: Sleeping          |     1 |     2 |     2 ||     5
Armor: Robe              |    24 |     7 |       ||    31
       Leather armour    |       |       |     5 ||     5
Dodge: Dodged            |    49 |    39 |    14 ||   102

Table legend: (Time is in decaauts)
 A = Elapsed time spent in this place.
 B = Non-inter-level travel time spent in this place.
 C = Inter-level travel time spent in this place.
 D = Time resting spent in this place.
 E = Time spent auto-exploring this place.
 F = Levels seen in this place.
 G = Mean time per level.
                   A        B        C        D        E       F      G
               +--------+--------+--------+--------+--------+-----+--------+
         Total |   5162 |   5110 |     52 |      0 |   4550 |   5 | 1032.4 |
       Dungeon |   5162 |   5110 |     52 |      0 |   4550 |   5 | 1032.4 |
               +--------+--------+--------+--------+--------+-----+--------+

Top non-repeatable levels by time:
     D:2: 1735 daAuts
     D:3: 1656 daAuts
     D:1: 1366 daAuts
     D:4: 389 daAuts
     D:7: 15 daAuts
